[Event "Live Chess"]
[Site "Chess.com"]
[Date "2023.05.21"]
[Round "-"]
[White "JanMur7"]
[Black "EdenHazard8"]
[Result "1-0"]
[WhiteElo "1968"]
[BlackElo "1968"]
[TimeControl "300"]
[EndTime "2:45:30 PDT"]
[Termination "JanMur7 won by resignation"]

1. e4 c6 2. d4 d5 3. Nc3 dxe4 4.
Nxe4 Nf6 5. Nxf6+ exf6 6. Nf3 Bd6 7. Bd3 O-O 8. O-O Re8 9. c3 Nd7 10. Qc2 Nf8 11. Bd2 Ng6 12. Rfe1 Be6 13. a4 Bc7 14. b4 Qd6 15. g3 Bd5 16. Be4 f5 17. Bxd5 Qxd5 18. Qd3 f4 19. c4 Qh5 20. Rxe8+ Rxe8 21.
Re1 Rxe1+ 22. Bxe1 fxg3 23. hxg3 h6 24. Qe4 f5 25. Qe8+ Kh7 26. Nh4 Nxh4 27. Qxh5 1-0

[Event "Live Chess"]
[Site "Chess.com"]
[Date "2023.05.21"]
[Round "-"]
[White "Berdgross"]
[Black "KeithArkell"]
[Result "0-1"]
[WhiteElo "663"]
[BlackElo "2511"]
[TimeControl "300"]
[EndTime "2:45:38 PDT"]
[Termination "KeithArkell won by resignation"]

1. e4 d5 2. d3 dxe4 3. dxe4 Qxd1+ 4. Kxd1 Nc6 5. Bb5 Bd7 6. Nf3 O-O-O 7. Bxc6 Bxc6+ 8. Ke2 Bxe4 9. Rd1 Bxf3+ 10. gxf3 Rxd1 11. Kxd1 e6 12. Nc3 Bd6 13. Ne4 Ne7 14. Ng5 Bxh2 15. Nxf7 Rf8 16. Ng5 Nd5 17. Nxe6 Rxf3 18. Be3 Nxe3+ 19.
fxe3 Rf1+ 20. Ke2 Rxa1 21. Nxg7 Rxa2 22. Kf3 Rxb2 23. Ne6 Rxc2 24. Nd4 Rc5 25. Ne6 Rf5+ 26. Kg4 Re5 27. Nf4 Rxe3 28. Ng2 Rg3+ 29. Kh4 Rxg2 0-1

[Event "Live Chess"]
[Site "Chess.com"]
[Date "2023.05.21"]
[Round "-"]
[White "PrinceCharming_1"]
[Black "Doge_Dandolo"]
[Result "0-1"]
[WhiteElo "1619"]
[BlackElo "1860"]
[TimeControl "300"]
[EndTime "2:45:40 PDT"]
[Termination "Doge_Dandolo won by resignation"]

1. e4 c6 2. d4 d5 3. e5 Bf5 4.
Be2 e6 5. h4 h5 6. Nf3 c5 7. c3 Nd7 8. O-O Ne7 9. Bf4 Nc6 10. Bg3 Be7 11. Na3 a6 12. Nc2 Bg4 13. Ne3 Bxf3 14. Bxf3 cxd4 15. cxd4 Bxh4 16. Rc1 Bxg3 17.
fxg3 h4 18. g4 h3 19. gxh3 Rxh3 20. Kg2 Qh4 0-1

[Event "Live Chess"]
[Site "Chess.com"]
[Date "2023.05.21"]
[Round "-"]
[White "Davidagye"]
[Black "f4nomore"]
[Result "1-0"]
[WhiteElo "1669"]
[BlackElo "1406"]
[TimeControl "300"]
[EndTime "2:45:41 PDT"]
[Termination "Davidagye won by checkmate"]

1. b4 g6 2. Bb2 Nf6 3. g4 Bg7 4. g5 Nh5 5. Bxg7 Nxg7 6. c4 e6 7. f4 O-O 8. Nf3 d5 9. c5 Nc6 10. b5 Na5 11. h4 a6 12. a4 axb5 13. axb5 Bd7 14. e3 c6 15. b6 Nc4 16. Rxa8 Qxa8 17.
Bxc4 dxc4 18. Qc2 Qa6 19. Kf2 Nf5 20. Rc1 Ra8 21. Qxc4 Qxc4 22. Rxc4 Ne7 23. Nc3 Nd5 24. Nxd5 exd5 25. Rc3 Bf5 26. Nd4 Be4 27. d3 Ra2+ 28. Nc2 Bf5 29. Kf3 Ra1 30. e4 dxe4+ 31. dxe4 Rf1+ 32. Ke3 Bg4 33. Rd3 Rf3+ 34. Kd4 Rxf4 35. Ke5 Rf1 36. Rd8+ Kg7 37. Rb8 Rf2 38. Nd4 Rh2 39.
Rxb7 Rxh4 40. Nxc6 Be6 41. Nd8 Rh5 42. Nxe6+ Kg8 43.
Kf6 h6 44. Rb8+ Kh7 45. Nf8+ Kg8 46. Nxg6+ Kh7 47. Rh8# 1-0

[Event "Live Chess"]
[Site "Chess.com"]
[Date "2023.05.21"]
[Round "-"]
[White "omisoc"]
[Black "Brooms1989"]
[Result "1-0"]
[WhiteElo "2165"]
[BlackElo "1109"]
[TimeControl "300"]
[EndTime "2:45:47 PDT"]
[Termination "omisoc won by resignation"]

1. Nf3 Nc6 2. g3 e5 3. c4 Nf6 4. Nc3 Bc5 5. Bg2 d6 6. O-O O-O 7. a3 a6 8. b4 Ba7 9. Bb2 Be6 10. d3 Ne7 11. a4 Ng6 12. b5 axb5 13. axb5 b6 14.
Ng5 h6 15. Nxe6 fxe6 16. Bxa8 Qxa8 17. Qa4 Qe8 18. Qxa7 Qf7 19. Qb7 Ng4 20. Ra8 Kh7 21.
Rxf8 Qxf8 22. Qf3 Nf6 23. Ne4 Nxe4 24. Qxf8 Nxf8 25. dxe4 Kg6 26. Ra1 Nd7 27. Ra7 Nc5 28.
f3 Kf6 29. Rxc7 g5 30. Rxc5 dxc5 31. f4 gxf4 32. gxf4 Ke7 33. Bxe5 Kd7 34. Kg2 h5 35. Kg3 Ke8 36. Kh4 Kf7 37. Kxh5 Ke8 38. Kg5 Kd7 39. Kf6 Ke8 40. h4 Kf8 41. Bc7 Ke8 42.
Bxb6 Kd7 43. Bxc5 1-0

[Event "Live Chess"]
[Site "Chess.com"]
[Date "2023.05.21"]
[Round "-"]
[White "YrrriKharkiv"]
[Black "wadsy27"]
[Result "0-1"]
[WhiteElo "2071"]
[BlackElo "2570"]
[TimeControl "300"]
[EndTime "2:46:17 PDT"]
[Termination "wadsy27 won on time"]

1. d4 d5 2. c4 c6 3. Nc3 Nf6 4. Nf3 dxc4 5. a4 Bf5 6. e3 e6 7.
Bxc4 Bb4 8. O-O O-O 9. Qe2 Bg6 10. Ne5 Nbd7 11. Nxg6 hxg6 12. e4 e5 13. Rd1 exd4 14.
Rxd4 Bc5 15. Rd1 Qe7 16. Bg5 a5 17. Bh4 Ne5 18. Bb3 Rad8 19. Rxd8 Rxd8 20. Rd1 Rxd1+ 21. Qxd1 Qd7 22. Qxd7 Nfxd7 23. Bc2 Bd4 24. Nd1 Nc5 25. Be7 Ncd3 26. Ba3 b5 27. axb5 cxb5 28. Bd6 Nxb2 29. Nxb2 Bxb2 30. Kf1 a4 31. Ke2 Nc4 32. Bb4 f6 33. f4 Kf7 34. Kd3 g5 35. g3 gxf4 36.
gxf4 g5 37. fxg5 fxg5 38. Bxa4 Ne5+ 39. Kc2 bxa4 40. Kxb2 Nd3+ 41. Ka3 Nxb4 42. Kxb4 Ke6 43. Kxa4 Ke5 44. Kb3 Kxe4 45. Kc2 Kf3 46. Kd2 Kg2 47. Ke1 Kxh2 0-1

[Event "Live Chess"]
[Site "Chess.com"]
[Date "2023.05.21"]
[Round "-"]
[White "Ferrarifan27"]
[Black "TheSmoulderingMaster"]
[Result "1-0"]
[WhiteElo "2097"]
[BlackElo "1721"]
[TimeControl "300"]
[EndTime "2:46:17 PDT"]
[Termination "Ferrarifan27 won by resignation"]

1. e4 c5 2. Nf3 d6 3. d4 cxd4 4. Nxd4 Nf6 5. Nc3 g6 6. Nd5 Bg7 7. Nxf6+ Bxf6 8. Bh6 Nc6 9. c3 Qb6 10. Nxc6 bxc6 11. Qd2 Rb8 12. b3 Qa5 13. Rc1 Qe5 14. Bd3 Bf5 15. f4 Qe6 16. O-O Bxe4 17. Rfe1 d5 18. c4 Rd8 19. cxd5 cxd5 20. Bb5+ 1-0

[Event "Live Chess"]
[Site "Chess.com"]
[Date "2023.05.21"]
[Round "-"]
[White "smoggyrabbit"]
[Black "Mugzwang"]
[Result "1-0"]
[WhiteElo "1707"]
[BlackElo "1524"]
[TimeControl "300"]
[EndTime "2:46:39 PDT"]
[Termination "smoggyrabbit won on time"]

1. d4 d5 2. Nf3 Nf6 3. e3 c5 4. b3 Nc6 5. Bd3 Bg4 6. Nbd2 e6 7. Bb2 cxd4 8. exd4 Bb4 9. c3 Ba5 10. O-O O-O 11. h3 Bxf3 12. Nxf3 Rc8 13. c4 dxc4 14.
bxc4 Nb4 15. a3 Nxd3 16. Qxd3 Qc7 17. Rac1 Rfd8 18. d5 exd5 19. Bxf6 gxf6 20. c5 Qe7 21. Nd4 Qe4 22. Qxe4 dxe4 23. Nf5 Bd2 24. Rc2 Rc7 25. Rd1 Rcd7 26. Nd6 Bf4 27. Rd4 Bxd6 28. cxd6 Rxd6 29.
Rxe4 Rd1+ 30. Kh2 R1d2 31. Re8+ Rxe8 32. Rxd2 Kf8 33. Rd7 Re7 34. Rd8+ Re8 35. Rd6 Re6 36.
Rd4 1-0

[Event "Live Chess"]
[Site "Chess.com"]
[Date "2023.05.21"]
[Round "-"]
[White "Tech_Titan"]
[Black "stevochess11"]
[Result "0-1"]
[WhiteElo "1115"]
[BlackElo "1731"]
[TimeControl "300"]
[EndTime "2:46:56 PDT"]
[Termination "stevochess11 won by resignation"]

1. c4 c5 2. Nc3 Nf6 3. e4 d6 4. Nf3 g6 5. d3 Bg7 6. Be2 Nc6 7. O-O O-O 8. Bg5 Bg4 9. h3 Bxf3 10. Bxf3 Nd4 11. Re1 Ne6 12. Bxf6 Bxf6 13. Nd5 Bxb2 14. Rb1 Bg7 15. Rxb7 Re8 16. Bg4 Nd4 17. Nc7 f5 18.
Nxa8 Qxa8 19. Rxa7 Qxa7 20. exf5 gxf5 21. Bf3 Qxa2 22. Bc6 Nxc6 0-1

[Event "Live Chess"]
[Site "Chess.com"]
[Date "2023.05.21"]
[Round "-"]
[White "domrobson"]
[Black "LiamClery2020"]
[Result "0-1"]
[WhiteElo "1696"]
[BlackElo "1989"]
[TimeControl "300"]
[EndTime "2:47:05 PDT"]
[Termination "LiamClery2020 won by resignation"]

1. d4 Nf6 2. c4 g6 3. Nc3 d5 4. cxd5 Nxd5 5. e4 Nxc3 6. bxc3 Bg7 7. Nf3 c5 8. Be2 Bg4 9. O-O Bxf3 10. Bxf3 cxd4 11. e5 Nc6 12. Qa4 O-O 13. Bxc6 bxc6 14. Qxc6 Bxe5 15. cxd4 Qxd4 16. Be3 Qh4 17. g3 Qh5 18.
Rac1 Qf5 19. Rc5 Rac8 20. Qb5 Rxc5 21. Qxc5 Rc8 22. Qxe7 Rc7 23. Qd8+ Kg7 24. Bd4 Bxd4 25. Qxc7 Bb6 26. Qc3+ Kg8 27. Qd2 Kg7 28. h4 Qf3 29. Rc1 Qxg3+ 30. Kf1 Qh3+ 31. Ke2 Qg4+ 32. Kf1 Qh3+ 33.
Ke2 Qxh4 34. Qc3+ Bd4 35. Qg3 Qe4+ 36. Kd1 h5 37. Rc2 Qh1+ 38. Kd2 h4 39. Qf4 Bf6 40. f3 Qg1 41. Rc6 Bg5 0-1

[Event "Live Chess"]
[Site "Chess.com"]
[Date "2023.05.21"]
[Round "-"]
[White "WelshTiger"]
[Black "raminguy"]
[Result "1-0"]
[WhiteElo "2340"]
[BlackElo "1955"]
[TimeControl "300"]
[EndTime "2:47:08 PDT"]
[Termination "WelshTiger won on time"]

1. e4 e5 2. Nf3 Nc6 3. d4 exd4 4. Bc4 Nf6 5. e5 d5 6. Bb5 Ne4 7. Nxd4 Bd7 8. Bxc6 bxc6 9. O-O Bc5 10. f3 Ng5 11. Be3 O-O 12. f4 Ne6 13. f5 Ng5 14. f6 Ne4 15. Nd2 Kh8 16. Nxe4 dxe4 17. Qd2 gxf6 18. exf6 Rg8 19. Qc3 Bb6 20. Rf2 Qe8 21. Re1 Rg6 22. Ne2 Bxe3 23. Qxe3 Qe5 24. Qd4 Qd6 25. Rd1 Qxd4 26. Rxd4 Be6 27. Rxe4 Rag8 28. g3 Bd5 29. Re7 Rg4 30. Nf4 Bxa2 31. b3 Bb1 32. Rxf7 Bxc2 33. b4 Be4 34. Rxc7 Rd8 35. f7 Rd1+ 36. Rf1 Rxf1+ 37. Kxf1 Rxf4+ 38. gxf4 Kg7 39. Rxa7 Bd5 40. Rc7 Kf8 41. Kf2 Bh1 42. Ke3 1-0

[Event "Live Chess"]
[Site "Chess.com"]
[Date "2023.05.21"]
[Round "-"]
[White "Pablo_dmp"]
[Black "Berdgross"]
[Result "1-0"]
[WhiteElo "1856"]
[BlackElo "663"]
[TimeControl "300"]
[EndTime "2:47:09 PDT"]
[Termination "Pablo_dmp won by resignation"]

1. e4 e5 2. Nc3 d6 3. Bc4 Be6 4. Qe2 Bxc4 5. Qxc4 Nc6 6. d3 Nd4 7. Nd5 Nxc2+ 8. Qxc2 Nf6 9. Nxc7+ Kd7 10. Nxa8 Ke7 11. Nc7 1-0

[Event "Live Chess"]
[Site "Chess.com"]
[Date "2023.05.21"]
[Round "-"]
[White "RockTroll"]
[Black "chessfiction"]
[Result "0-1"]
[WhiteElo "2205"]
[BlackElo "2342"]
[TimeControl "300"]
[EndTime "2:47:36 PDT"]
[Termination "chessfiction won by resignation"]

1. Nf3 e5 2. Nxe5 Nc6 3. Nf3 g5 4. d4 g4 5. Ng1 d5 6. Bf4 Bg7 7. e3 Qe7 8. Bb5 Bd7 9. Nd2 Bxd4 10. c3 Bg7 11. Ne2 Nf6 12. Qb3 a6 13. Bxc6 Bxc6 14.
Nd4 Bd7 15. Qxb7 O-O 16. Qxc7 Rfe8 17. Qd6 Qd8 18. O-O Rc8 19. Qxa6 Qe7 20. Qd3 Ne4 21. Nxe4 dxe4 22. Qe2 f5 23. a4 h5 24. a5 h4 25. a6 Ra8 26. a7 Qc5 27. Qa6 Rf8 28. Ra5 Qc8 29. Qxc8 Rfxc8 30. Bb8 Kf7 31. Nxf5 Bf8 32.
Nd4 Bc5 33. Rfa1 Ke7 34. b4 Bb6 35. Re5+ Kf6 36. Rxe4 Rcxb8 37. Rf4+ Kg7 38. Nf5+ Bxf5 39. Rxf5 Rxa7 40. Rxa7+ Bxa7 41. Rg5+ Kf6 42. Rxg4 Rd8 43. g3 h3 44. Kf1 Rd1+ 45. Ke2 Rh1 46. Rh4 Rxh2 47. Kf3 Rh1 48. g4 Bb8 49. c4 h2 50. c5 0-1

[Event "Live Chess"]
[Site "Chess.com"]
[Date "2023.05.21"]
[Round "-"]
[White "Biranidun"]
[Black "hunany_3"]
[Result "1-0"]
[WhiteElo "2553"]
[BlackElo "1719"]
[TimeControl "300"]
[EndTime "2:47:41 PDT"]
[Termination "Biranidun won by resignation"]

1. e4 e5 2. Nf3 Nc6 3. Bc4 Bc5 4. c3 Nf6 5. d4 exd4 6. b4 Bb6 7. e5 Qe7 8. O-O Ng4 9. Bg5 Qf8 10. cxd4 h6 11. Be3 d6 12. exd6 Qxd6 13. b5 Ne7 14. Nbd2 O-O 15. Qb3 Nxe3 16. fxe3 Be6 17. a4 c6 18. Ne4 Bxc4 19. Qxc4 Qd5 20. Qd3 Rfe8 21. Ne5 f6 22. Rxf6 c5 23. Rd6 c4 24. Nxc4 Qh5 25. Ng3 Qf7 26. Rf1 1-0

[Event "Live Chess"]
[Site "Chess.com"]
[Date "2023.05.21"]
[Round "-"]
[White "BostonStrangler"]
[Black "Pandreq"]
[Result "1-0"]
[WhiteElo "2068"]
[BlackElo "1234"]
[TimeControl "300"]
[EndTime "2:47:47 PDT"]
[Termination "BostonStrangler won by resignation"]

1. Nf3 d5 2. c4 d4 3. g3 c5 4. b4 b6 5. Bg2 Bb7 6. Qb3 Nf6 7. bxc5 Qc7 8. cxb6 axb6 9. O-O e5 10.
d3 Bc5 11. Ba3 Bc6 12. Bxc5 bxc5 13. Na3 O-O 14. Nb5 Bxb5 15. Qxb5 Nbd7 16. Nd2 Rfb8 17.
Bxa8 Rxb5 18. cxb5 Qa5 19. Bf3 Qxd2 20. a4 Qa5 21. Rfb1 Nb6 22. Bc6 Nfd7 23. Bxd7 Nxd7 24.
b6 Nxb6 25. Rb5 Qc3 26. Rab1 g6 27. Rxb6 Kg7 28. R6b5 Qc2 29. a5 Qxe2 30. a6 Qxd3 31. a7 Qe4 32. Rb7 d3 33. a8=Q d2 34. Rxf7+ 1-0

[Event "Live Chess"]
[Site "Chess.com"]
[Date "2023.05.21"]
[Round "-"]
[White "VovaOvchar1990"]
[Black "Cimon"]
[Result "0-1"]
[WhiteElo "1222"]
[BlackElo "1834"]
[TimeControl "300"]
[EndTime "2:47:48 PDT"]
[Termination "Cimon won on time"]

1. e4 d6 2. Bc4 Nf6 3. Nc3 g6 4.
d4 Bg7 5. Nf3 O-O 6. O-O c6 7. d5 b5 8. Bb3 a6 9. dxc6 Nxc6 10. Bd5 Bd7 11. Bg5 Rc8 12. Bxf6 Bxf6 13. Re1 Ne5 14. Nxe5 Bxe5 15. Qf3 Rc7 16. Rac1 e6 17.
Bb3 b4 18. Ne2 Bxb2 19. Rcd1 Be5 20. Ng3 a5 21. a4 Rc3 22. Qg4 Bxg3 23. hxg3 Qc7 24.
Qh3 Kg7 25. Re3 Rxe3 26. fxe3 Bc6 27. Qh4 Rd8 28. Kf2 Qd7 29. Rh1 h5 30. g4 Rh8 31. g5 e5 32. Qg3 Bxe4 33. Rh4 Bc6 34. e4 Bxa4 35. Qf3 Bxb3 36. cxb3 Qe6 37. g4 hxg4 38. Rxg4 Rh2+ 39. Kg3 Rc2 40. Kh4 Rc3 41. Qd1 Qe8 0-1

[Event "Live Chess"]
[Site "Chess.com"]
[Date "2023.05.21"]
[Round "-"]
[White "ItsNot_Jasper"]
[Black "Purple1szed"]
[Result "0-1"]
[WhiteElo "1347"]
[BlackElo "1824"]
[TimeControl "300"]
[EndTime "2:47:53 PDT"]
[Termination "Purple1szed won by checkmate"]

1. d4 Nf6 2. c4 e6 3. Nf3 b6 4. g3 Bb7 5. Bg2 d5 6. O-O Be7 7. cxd5 Bxd5 8. Nc3 Bb7 9. Re1 Nc6 10.
Bg5 h6 11. Bf4 O-O 12. e4 Bb4 13. a3 Bxc3 14. bxc3 Qd7 15. Nd2 Rad8 16. Rb1 Rfe8 17. Nb3 e5 18. dxe5 Nxe5 19. Qxd7 Rxd7 20. Bxe5 Rxe5 21.
f4 Re8 22. Nc5 Ba6 23. Nxa6 Rd3 24. e5 Ng4 25. Nb4 Rxc3 26. Rec1 Rxa3 27. Rxc7 Rd8 28.
Nc6 Rd2 29. Be4 g6 30. Rc8+ Kg7 31. h3 Nf2 32. Bg2 Raa2 33. Ne7 Nd1 34. Bf3 Nf2 35.
Bb7 Nxh3+ 36. Kf1 Rf2+ 37. Ke1 Rae2+ 38. Kd1 Ra2 39. Rg8+ Kh7 40. Rf8 Rf1# 0-1

[Event "Live Chess"]
[Site "Chess.com"]
[Date "2023.05.21"]
[Round "-"]
[White "Greenbecker"]
[Black "martynstanley"]
[Result "1-0"]
[WhiteElo "1645"]
[BlackElo "1013"]
[TimeControl "300"]
[EndTime "2:47:54 PDT"]
[Termination "Greenbecker won by checkmate"]

1. e4 e5 2. Nf3 f6 3. d4 exd4 4.
Nxd4 Bb4+ 5. c3 Bc5 6. Bc4 Bxd4 7. cxd4 Nc6 8. Be3 d6 9. O-O Nge7 10. Nc3 d5 11. exd5 Nxd5 12. Bxd5 Bd7 13. Re1 Kf8 14. Bxc6 bxc6 15. Ne4 h6 16. Nc5 Bc8 17. Bf4 Bb7 18. Ne6+ Kf7 19. Nxd8+ Raxd8 20. Qb3+ Kg6 21. Qxb7 f5 22.
Qxc7 Rxd4 23. Re6+ Kh7 24. Be5 Rg8 25. Re7 Rg4 26. g3 a5 27. h3 Rg5 28. h4 Rg6 29. Rd1 h5 30. Rdd7 f4 31. Rxg7+ R8xg7 32. Rxg7+ Rxg7 33. Qxg7# 1-0

[Event "Live Chess"]
[Site "Chess.com"]
[Date "2023.05.21"]
[Round "-"]
[White "Tushinskiy"]
[Black "hturner40"]
[Result "1-0"]
[WhiteElo "2144"]
[BlackElo "1815"]
[TimeControl "300"]
[EndTime "2:48:02 PDT"]
[Termination "Tushinskiy won by resignation"]

1. d4 Nf6 2. c3 d5 3. Nf3 g6 4. Bf4 Bg7 5. Nbd2 O-O 6. e3 b6 7.
Bd3 Bb7 8. Qe2 c5 9. Bg3 Re8 10.
Ne5 Nc6 11. f4 Nd7 12. O-O f6 13. Nxd7 Qxd7 14. f5 e5 15. dxc5 e4 16. Bc2 bxc5 17. fxg6 hxg6 18. Rad1 a5 19. Nxe4 Ba6 20. c4 Qe7 21.
Rxd5 f5 22. Nxc5 Qxe3+ 23. Qxe3 Rxe3 24. Nxa6 Rxa6 25. b3 Nb4 26. Bb1 Nxd5 27. cxd5 Re2 28. Bd3 Bd4+ 29. Kh1 1-0

[Event "Live Chess"]
[Site "Chess.com"]
[Date "2023.05.21"]
[Round "-"]
[White "Tech_Titan"]
[Black "LiamClery2020"]
[Result "0-1"]
[WhiteElo "1113"]
[BlackElo "1989"]
[TimeControl "300"]
[EndTime "2:48:04 PDT"]
[Termination "LiamClery2020 won by resignation"]

1. c4 Nf6 2. Nc3 e5 3. e4 Nc6 4. Nf3 Bb4 5. a3 Bxc3 6. bxc3 Nxe4 7. d4 Nxc3 8. d5 Nxd1 9. Be2 Nc3 10. Bd2 Nxe2 11. Kxe2 Nd4+ 12. Kd3 d6 0-1

[Event "Live Chess"]
[Site "Chess.com"]
[Date "2023.05.21"]
[Round "-"]
[White "Chris_pea"]
[Black "JamesWallman"]
[Result "0-1"]
[WhiteElo "598"]
[BlackElo "782"]
[TimeControl "300"]
[EndTime "2:48:08 PDT"]
[Termination "JamesWallman won by resignation"]

1. e4 e5 2. Nc3 Nf6 3. f4 d6 4. Nf3 Nc6 5. Bb5 Bg4 6. d3 Be7 7. O-O O-O 8. Qe1 Nd4 9. Nxd4 exd4 10. Nd5 Nxd5 11. exd5 a6 12. Bc4 b5 13. Bb3 f5 14.
h3 Bh5 15. Qh4 Bxh4 16. g3 Be7 17. Bd2 Re8 18. Rae1 Qd7 19. c3 Bf7 20. c4 bxc4 21. dxc4 Bf6 22. Bc2 Rxe1 23. Rxe1 Re8 24. Rxe8+ Qxe8 25.
Bd1 Qb8 26. b3 Qb6 27. Be1 d3+ 28. Kg2 Qe3 29. Bf2 Qd2 30. Bf3 Qxa2 0-1

[Event "Live Chess"]
[Site "Chess.com"]
[Date "2023.05.21"]
[Round "-"]
[White "TKDRyan"]
[Black "DoYouLikeCurry"]
[Result "0-1"]
[WhiteElo "1132"]
[BlackElo "1394"]
[TimeControl "300"]
[EndTime "2:48:24 PDT"]
[Termination "DoYouLikeCurry won by resignation"]

1. e4 c6 2. d4 d5 3. e5 Bf5 4. Bd3 Bxd3 5. Qxd3 e6 6. Nf3 Qb6 7. c3 c5 8. Na3 cxd4 9. Nxd4 Bc5 10. O-O Nc6 11. Nab5 Nxe5 12. Qg3 Bxd4 13. cxd4 Qxb5 14.
Qxe5 Nf6 15. b3 O-O 16. Bg5 Nd7 17. Qg3 Rac8 18. Bh6 g6 19. Rac1 Rfd8 20. Rc5 Nxc5 21. Qe5 f6 22. Qxf6 Rd7 23. dxc5 Qxc5 24. Qxe6+ Rf7 25. Re1 Qxf2+ 26. Kh1 Rc2 27. Qe8+ Rf8 28. Qxf8+ Qxf8 29. Bxf8 Kxf8 30. Rf1+ Ke7 31. a4 Rb2 32. Rf3 Rb1+ 0-1

[Event "Live Chess"]
[Site "Chess.com"]
[Date "2023.05.21"]
[Round "-"]
[White "WelshTiger"]
[Black "domrobson"]
[Result "1-0"]
[WhiteElo "2340"]
[BlackElo "1696"]
[TimeControl "300"]
[EndTime "2:48:51 PDT"]
[Termination "WelshTiger won by resignation"]

1. e4 e5 2. Nf3 Nc6 3. d4 exd4 4. Bc4 Nf6 5. e5 d5 6. Bb5 Ne4 7. Nxd4 Bd7 8. Bxc6 bxc6 9. O-O Be7 10. f3 Nc5 11. f4 Ne4 12. Nc3 Bc5 13. Be3 Nxc3 14. bxc3 O-O 15. f5 Bxd4 16. cxd4 Qc8 17. f6 Bf5 18. fxg7 Kxg7 19. Qf3 Bg6 20. Qf6+ Kg8 21.
Bh6 1-0

[Event "Live Chess"]
[Site "Chess.com"]
[Date "2023.05.21"]
[Round "-"]
[White "fgreen"]
[Black "elephantgerrald"]
[Result "1-0"]
[WhiteElo "1372"]
[BlackElo "686"]
[TimeControl "300"]
[EndTime "2:48:59 PDT"]
[Termination "fgreen won by checkmate"]

1. d4 d5 2. Nf3 Nc6 3. Bf4 f6 4.
e3 Bf5 5. c4 dxc4 6. Bxc4 Qd7 7. O-O Bxb1 8. Rxb1 O-O-O 9. Qb3 e6 10. Bxe6 Qxe6 11.
Qxe6+ Kb8 12. Rfc1 Nge7 13. Qb3 g6 14. a4 a5 15. Rc5 Nf5 16. Rxc6 Bb4 17. Rxc7 Ka7 18. Qc4 Rb8 19. d5 Bd6 20. Bxd6 Nxd6 21. Qc5+ Ka8 22.
Qxa5# 1-0

[Event "Live Chess"]
[Site "Chess.com"]
[Date "2023.05.21"]
[Round "-"]
[White "MarkLim1"]
[Black "Tilbs_12"]
[Result "1/2-1/2"]
[WhiteElo "1725"]
[BlackElo "1575"]
[TimeControl "300"]
[EndTime "2:49:27 PDT"]
[Termination "Game drawn - insufficient material"]

1. d4 d5 2. Nf3 Nf6 3. c4 c6 4. cxd5 cxd5 5. Nc3 Nc6 6. Bf4 Bf5 7. e3 a6 8. Be2 e6 9. O-O Bd6 10. Bxd6 Qxd6 11.
Rc1 O-O 12. Na4 Ne4 13. Nc5 Nxc5 14. dxc5 Qe7 15. a3 Rad8 16. Nd4 Bg6 17. b4 e5 18. Nxc6 bxc6 19. Bxa6 Qa7 20. b5 cxb5 21. Bxb5 Qxa3 22. c6 Qb4 23. c7 Rc8 24. Bd7 Qd6 25.
Bxc8 Rxc8 26. Qa4 h6 27. Qc6 Qxc6 28. Rxc6 d4 29. exd4 exd4 30. Rd1 d3 31. f4 Kf8 32. g4 Be4 33. Rc4 f5 34. Kf2 Ke7 35. gxf5 Bxf5 36. Re1+ Kd6 37. Re5 g6 38. Ke3 Rxc7 39. Rd4+ Kc6 40.
Rc4+ Kd6 41. Rxc7 Kxc7 42. h4 Kd6 43. h5 Kd7 44. Ra5 Ke7 45. Ra6 Kf7 46. hxg6+ Bxg6 47. Ra7+ Kf6 48. Ra6+ Kf5 49. Ra5+ Kg4 50. Ra1 h5 51. Rg1+ Kf5 52. Rg5+ Kf6 53. Ra5 h4 54. Kf3 Ke6 55. Kg4 d2 56. Ra1 Bc2 57. Kxh4 d1=Q 58. Rxd1 Bxd1 59.
Kg5 Bc2 60. f5+ Bxf5 1/2-1/2

[Event "Live Chess"]
[Site "Chess.com"]
[Date "2023.05.21"]
[Round "-"]
[White "EdenHazard8"]
[Black "RichardABates"]
[Result "1-0"]
[WhiteElo "1979"]
[BlackElo "2070"]
[TimeControl "300"]
[EndTime "2:49:35 PDT"]
[Termination "EdenHazard8 won by resignation"]

1. e4 c5 2. Nc3 Nc6 3. Nf3 e5 4. Bb5 Nd4 5. Nxe5 Qg5 6. Ng4 a6 7. Be2 d5 8. d3 Qh4 9. exd5 Bd6 10.
Ne4 Nxe2 11. Qxe2 Bxg4 12. Nf6+ Kf8 13. Nxg4 Re8 14. Ne3 Nf6 15. g3 Qh3 16. Qf3 h5 17. Bd2 1-0

[Event "Live Chess"]
[Site "Chess.com"]
[Date "2023.05.21"]
[Round "-"]
[White "Long1968"]
[Black "JoshMcK"]
[Result "0-1"]
[WhiteElo "960"]
[BlackElo "1520"]
[TimeControl "300"]
[EndTime "2:49:36 PDT"]
[Termination "JoshMcK won on time"]

1. e4 c6 2. d4 d5 3. e5 c5 4. c3 e6 5. f4 cxd4 6. cxd4 Nc6 7. Nc3 Bb4 8. Nf3 Nge7 9. Bd3 O-O 10. O-O a6 11. a3 Bxc3 12. bxc3 b5 13. a4 bxa4 14.
Rxa4 a5 15. Ba3 Ba6 16. Bxa6 Rxa6 17. Qa1 Re8 18. Rb1 Ng6 19. Bc1 Nge7 20. Rb7 Qa8 21.
Qb1 Rb8 22. Rxb8+ Qxb8 23. Qd3 Ra8 24. Ng5 g6 25. Qh3 h5 26. g4 Qb3 0-1

[Event "Live Chess"]
[Site "Chess.com"]
[Date "2023.05.21"]
[Round "-"]
[White "Singapourfeuj"]
[Black "LiamBellwood"]
[Result "0-1"]
[WhiteElo "2182"]
[BlackElo "1972"]
[TimeControl "300"]
[EndTime "2:49:40 PDT"]
[Termination "LiamBellwood won by checkmate"]

1. d4 e6 2. e4 d5 3. Nc3 Nf6 4. Bg5 h6 5. Bxf6 Qxf6 6. e5 Qd8 7.
f4 c5 8. Nf3 Nc6 9. Bb5 Bd7 10.
Bxc6 Bxc6 11. O-O Qb6 12. Kh1 Qxb2 13. Ne2 cxd4 14. Nexd4 Be7 15. f5 O-O 16. fxe6 fxe6 17. Nxe6 Rf5 18. Ned4 Rf4 19. Qd2 Raf8 20. Ne6 Rxf3 21.
gxf3 Rxf3 22. Nd4 Rxf1+ 23. Rxf1 Bc5 24. Ne6 Qxe5 25. Nxc5 d4+ 26. Kg1 Qxc5 27. Rf2 Qd5 28. Kf1 Bb5+ 29. Re2 Qh1+ 30. Kf2 Qxh2+ 31. Ke1 Qg1# 0-1

[Event "Live Chess"]
[Site "Chess.com"]
[Date "2023.05.21"]
[Round "-"]
[White "NatashaRegan"]
[Black "ChessTWSS"]
[Result "0-1"]
[WhiteElo "1721"]
[BlackElo "1658"]
[TimeControl "300"]
[EndTime "2:49:43 PDT"]
[Termination "ChessTWSS won by resignation"]

1. e4 c5 2. d4 cxd4 3. c3 dxc3 4. Nxc3 Nc6 5. Nf3 e6 6. Bc4 g6 7.
O-O Bg7 8. Bg5 f6 9. Be3 Nge7 10. Rc1 f5 11. exf5 Nxf5 12. Bg5 Bf6 13. Bxf6 Qxf6 14.
Ne4 Qe7 15. Qd2 d5 16. Bxd5 exd5 17. Qxd5 Qe6 18. Qxe6+ Bxe6 19. Nc5 Bxa2 20. Rfe1+ Nce7 21. Nxb7 Bd5 22. Rc7 Bxf3 23. gxf3 Kf8 24. Nd6 Nd5 25.
Nxf5 Nxc7 26. Nd6 0-1

[Event "Live Chess"]
[Site "Chess.com"]
[Date "2023.05.21"]
[Round "-"]
[White "Rusty_Bridges"]
[Black "SupremeTactician"]
[Result "0-1"]
[WhiteElo "1514"]
[BlackElo "2254"]
[TimeControl "300"]
[EndTime "2:49:57 PDT"]
[Termination "SupremeTactician won by resignation"]

1. e4 e5 2. f4 Nc6 3. Nf3 d6 4. Bc4 Bg4 5. d3 Be7 6. O-O Nf6 7. f5 O-O 8. h3 Bxf3 9. Qxf3 Nd4 10. Qd1 b5 11. Bb3 a5 12. c3 Nxb3 13. axb3 Rb8 14. Bg5 c5 15. Nd2 h6 16. Bh4 Nd7 17. Bxe7 Qxe7 18. Nf3 c4 19. bxc4 bxc4 20. d4 Rxb2 21. dxe5 Nxe5 22. Nxe5 Qxe5 23. Qf3 Rfb8 24. f6 Qxf6 25.
Qxf6 gxf6 26. Rxf6 Rb1+ 27. Rxb1 Rxb1+ 28. Kh2 Rc1 29. Rxd6 Rxc3 30. Rxh6 a4 31. Ra6 a3 32. h4 Re3 33. h5 Rxe4 34. Rxa3 Rh4+ 35. Kg1 Rxh5 36. Rc3 Rc5 37. Kf2 f6 38. Ke3 Rg5 39. Rc2 Kf7 40.
Kd4 Rg4+ 41. Ke3 Ke6 42. Kf3 Rd4 43. Ke3 Kd5 44. g3 Rd3+ 45. Kf2 Kd4 46. g4 c3 47. Ke2 Rh3 48. Ke1 Rh1+ 49. Ke2 Rh2+ 50. Kd1 Rxc2 51. Kxc2 Kc4 52. Kc1 Kd3 0-1